 Dungeon Crawl Stone Soup version 0.29-a0-648-g6b26cc9f40 (webtiles) character file.

Game seed: 18412270857835606319

17342 wingedge the Basher (level 12, -2/88 (107) HPs)
             Began as a Minotaur Berserker on June 20, 2022.
             Was a High Priest of Trog.
             Slain by Urug
             ... wielding a +2 eveningstar of draining
              (16 damage)
             ... on level 11 of the Dungeon.
             The game lasted 00:45:16 (12411 turns).

wingedge the Basher (Minotaur Berserker)           Turns: 12411, Time: 00:45:17

HP:   -2/88 (107)   AC: 31    Str: 30    XL:     12   Next: 18%
MP:   0/11          EV:  8    Int: 15    God:    Trog [*****.]
Gold: 681           SH:  0    Dex: 12    Spells: 11/11 levels left

rFire   . . .      SeeInvis .   a - +2 great mace (vorpal)
rCold   . . .      Faith    .   (shield currently unavailable)
rNeg    . . .      Spirit   +   h - +4 crystal plate armour of Elitism {rElec Int+9}
rPois   +          Reflect  .   (helmet restricted)
rElec   +          Harm     .   N - +1 cloak
rCorr   .          Rampage  +   (no gloves)
Will    .....                   j - +2 pair of boots
Stlth   ..........              I - amulet "Ureus" {Spirit Rampage Str+5 Dex+2}
HPRegen 0.24/turn               i - ring of poison resistance
MPRegen 0.12/turn               K - +4 ring of slaying

@: studying Crossbows, heavily drained
A: horns 2, retaliatory headbutt
a: Renounce Religion, Berserk, Trog's Hand, Brothers in Arms


You were on level 11 of the Dungeon.
You worshipped Trog.
Trog was extremely pleased with you.
You visited 1 branch of the dungeon, and saw 11 of its levels.
You also visited: Sewer, Ossuary and Bailey.

You collected 681 gold pieces.

Inventory:

Hand Weapons
 a - a +2 vorpal great mace (weapon)
 r - a +1 flail of draining
 w - a +0 hand axe
 F - a +0 morningstar
 J - a +5 dire flail of protection
 P - a +4 dire flail of freezing
Missiles
 Q - a throwing net
Armour
 e - a +0 tower shield
 h - the +4 crystal plate armour of Elitism (worn) {rElec Int+9}
   (You acquired it on level 7 of the Dungeon)

   Int:       It affects your intelligence (+9).
   rElec:     It insulates you from electricity.
 j - a +2 pair of boots (worn)
 s - a +2 buckler
 u - a +0 chain mail
 y - a +1 robe of cold resistance
 M - a +2 pair of boots
 N - a +1 cloak (worn)
Jewellery
 i - a ring of poison resistance (left hand)
 l - a +6 ring of dexterity
 t - the amulet "Kimp" {Acrobat -Tele rPois Will+ Int+5}
   (You found it on level 4 of the Dungeon)

   [amulet of the acrobat]

   It increases your evasion while moving and waiting.
   Int:       It affects your intelligence (+5).
   rPois:     It protects you from poison.
   -Tele:     It prevents most forms of teleportation.
   Will:      It increases your willpower.
 I - the amulet "Ureus" (around neck) {Spirit Rampage Str+5 Dex+2}
   (You found it in a bailey)

   [amulet of guardian spirit]

   It causes incoming damage to be divided between your reserves of health and
   magic.
   Str:       It affects your strength (+5).
   Dex:       It affects your dexterity (+2).
   Rampage:   It bestows one free step when moving towards enemies.
 K - a +4 ring of slaying (right hand)
 R - a ring of ice
Wands
 p - a wand of flame (23) (quivered)
Scrolls
 c - 4 scrolls of vulnerability
 d - a scroll of poison
 f - 6 scrolls of fog
 o - 10 scrolls of teleportation
 q - 3 scrolls of fear
 A - 2 scrolls of blinking
 D - 3 scrolls of immolation
 L - 2 scrolls of identify
Potions
 b - a potion of lignification
 g - 9 potions of heal wounds
 k - 2 potions of mutation
 m - 3 potions of attraction
 n - a potion of haste
 v - 4 potions of flight
 x - a potion of ambrosia
 z - 4 potions of might
 B - 2 potions of berserk rage
 C - a potion of curing
 E - a potion of resistance
 G - a potion of magic
 H - 3 potions of invisibility
Miscellaneous
 O - a box of beasts


   Skills:
 + Level 10.4 Fighting
 - Level 5.9(10.1) Axes
 * Level 12.6(13.1) Maces & Flails
 - Level 2.0 Slings
 + Level 7.7 Crossbows
 * Level 12.1 Armour
 - Level 6.1 Dodging
 + Level 6.8 Evocations


You had 11 spell levels left.
You didn't know any spells.
Your spell library was empty.

Dungeon Overview and Level Annotations

Branches:
Dungeon (11/15)            Temple (0/1) D:4            Lair (0/6) D:11
    Orc (0/2) D:10          Sewer (visited)         Ossuary (visited)
 Bailey (visited)

Altars:
Dithmenos
Fedhas
Gozag
Hepliaklqana
Sif Muna
Wu Jian
Zin
The Shining One
Beogh

Annotations:
D:11 Urug


Innate Abilities, Weirdness & Mutations

You have a pair of horns on your head.
You reflexively headbutt those who attack you in melee.


Message History

You crush Fannar like a grape!!!
You kill Fannar!
Trog accepts your kill.
Trog appreciates your killing of a magic user.
The ice beast disappears in a puff of smoke!
Found a robe.
R - a ring of ice
Things that are here:
a +0 quarterstaff of freezing; a +2 robe of cold resistance
Found a book of Displacement.
You open the door.
There is an open door here.
There is an open door here.
Urug the Orcish Ballista comes into view.
She is wielding a +2 eveningstar of draining and quivering silver javelins.
Urug shouts!
Urug drinks a potion.
Urug goes berserk!
Urug closely misses you.
You bludgeon Urug!!
Urug is moderately wounded.
Urug barely misses you. You furiously retaliate!
You headbutt Urug. You thump Urug! You headbutt Urug!
Urug is severely wounded.
Urug hits you with a +2 eveningstar of draining.
You feel drained. Urug barely misses you.
You sock Urug!
Urug is almost dead.
Urug hits you with a +2 eveningstar of draining.
You feel drained.
Urug hits you with a +2 eveningstar of draining!!
You feel drained.
You hit Urug.
Urug is almost dead.
Urug hits you with a +2 eveningstar of draining!
You feel drained.
You barely miss Urug.
Urug is almost dead.
Urug hits you with a +2 eveningstar of draining!!!
* * * LOW HITPOINT WARNING * * *
You feel drained.
You die...

#....# #....#
### #:...#
#.. #....#
#.# ####.#
#.# #.# #.#
#.# #.# #.#
#o#
#.#########@#
#...........#
#############


You could see Urug (berserk).

Vanquished Creatures
  An orc warlord (Bailey)
  Fannar (D:11)
  A two-headed ogre (D:10)
  Amaemon (D:10)
  The ghost of hgbash the Covered, a novice GrFi (D:7)
  An orc knight (Bailey)
  An orange demon (D:10)
  3 unseen horrors (D:10)
  A kobold demonologist (D:11)
  2 komodo dragons (D:11)
  A troll (D:9)
  3 hornets
  24 yaks
  Menkaure (Ossuary)
  Edmund (D:4)
  3 water moccasins
  Duvessa (D:5)
  8 orc warriors
  4 black bears
  An ice beast (D:6)
  2 sky beasts (D:7)
  An ogre (D:6)
  7 centaurs
  2 kobold brigands
  2 phantoms
  5 gnoll sergeants
  6 bullfrogs
  5 scorpions
  2 necrophages
  13 wights
  Dowan (D:5)
  14 killer bees
  A troll zombie (Ossuary)
  A howler monkey (D:11)
  4 centaur zombies (Ossuary)
  3 jellies
  5 quasits (D:7)
  2 hounds
  A gnoll shaman (D:6)
  3 iguanas
  6 orc priests
  Ijyb (D:5)
  9 orc wizards
  6 mummies (Ossuary)
  30 gnolls
  8 adders
  3 river rats
  2 shadow imps
  A white imp (D:5)
  3 ufetubi
  2 adder zombies (Ossuary)
  3 worms
  3 dart slugs
  35 orcs
  9 ball pythons
  10 endoplasms
  4 giant cockroaches
  14 goblins
  10 hobgoblins
  8 jackals
  A quokka (D:1)
  4 bats
  5 frilled lizards
  A gnoll zombie (Ossuary)
  3 goblin zombies (Ossuary)
  2 hobgoblin zombies (Ossuary)
  25 kobolds
  2 kobold zombies (Ossuary)
  5 quokka zombies (Ossuary)
  15 rats
  10 rat zombies (Ossuary)
  A bush (D:9)
381 creatures vanquished.

Vanquished Creatures (collateral kills)
  A two-headed ogre (D:9)
1 creature vanquished.

Vanquished Creatures (others)
  34 fungi (D:11)
  31 plants (D:11)
65 creatures vanquished.

Grand Total: 447 creatures vanquished

Notes
Turn   | Place    | Note
-------+----------+-------------------------------------------
     0 | D:1      | wingedge the Minotaur Berserker began the quest for the
                  | Orb.
     0 | D:1      | Reached XP level 1. HP: 19/19 MP: 0/0
   334 | D:1      | Reached XP level 2. HP: 22/27 MP: 1/1
   475 | D:1      | Found a faded altar of an unknown god.
  1147 | D:1      | Reached XP level 3. HP: 31/33 MP: 2/2
  1221 | D:1      | Reached ** piety under Trog
  1818 | D:2      | Reached XP level 4. HP: 33/40 MP: 3/3
  2542 | D:3      | Reached skill level 5 in Axes
  3086 | D:3      | Reached skill level 1 in Slings
  3086 | D:3      | Reached XP level 5. HP: 47/47 MP: 4/4
  3402 | D:4      | Found a glowing golden altar of the Shining One.
  3514 | D:4      | Identified the amulet "Kimp" {Acrobat -Tele rPois Will+
                  | Int+5}
  3609 | D:4      | Found a glowing silver altar of Zin.
  3635 | D:4      | Found a staircase to the Ecumenical Temple.
  3975 | D:4      | Noticed Edmund
  3990 | D:4      | Killed Edmund
  3991 | D:4      | Reached skill level 5 in Fighting
  3991 | D:4      | Reached XP level 6. HP: 35/56 MP: 5/5
  4190 | D:4      | Found an opulent altar of Gozag.
  4278 | D:5      | Entered Level 5 of the Dungeon
  4333 | D:5      | Noticed Duvessa
  4334 | D:5      | Noticed Dowan
  4366 | D:5      | Reached skill level 1 in Maces & Flails
  4419 | D:5      | Killed Duvessa
  4420 | D:5      | Reached skill level 1 in Evocations
  4420 | D:5      | Reached XP level 7. HP: 61/61 MP: 6/6
  4542 | D:5      | Killed Dowan
  4629 | D:5      | Noticed Ijyb
  4633 | D:5      | Killed Ijyb
  4664 | D:5      | Found a sand-covered staircase.
  4669 | Ossuary  | Entered an ossuary
  4936 | Ossuary  | Reached *** piety under Trog
  5028 | Ossuary  | Noticed Menkaure
  5039 | Ossuary  | Killed Menkaure
  5048 | Ossuary  | Reached XP level 8. HP: 70/70 MP: 7/7
  5067 | Ossuary  | Reached skill level 5 in Armour
  5578 | D:5      | Found a blossoming altar of Fedhas.
  5822 | D:5      | Reached skill level 5 in Maces & Flails
  5934 | D:6      | Found a glowing drain.
  5939 | D:6      | Reached skill level 5 in Dodging
  5958 | Sewer    | Entered a sewer
  5985 | Sewer    | Reached **** piety under Trog
  6158 | Sewer    | Found a viscous altar of Jiyva.
  6717 | D:6      | Reached XP level 9. HP: 77/79 MP: 8/8
  6847 | D:6      | Found a shimmering blue altar of Sif Muna.
  7766 | D:7      | Noticed hgbash's ghost (novice GrFi)
  7900 | D:7      | Identified a scroll of acquirement
  7900 | D:7      | Acquired the +4 crystal plate armour of Elitism {rElec
                  | Int+9}
  7963 | D:7      | Found a transporter.
  8062 | D:7      | Found a flagged portal.
  8078 | Bailey   | Entered a bailey
  8088 | Bailey   | Noticed an orc warlord
  8128 | Bailey   | Noticed an orc knight
  8145 | Bailey   | Killed an orc knight
  8200 | Bailey   | Found a runed translucent gate.
  8207 | Bailey   | Reached XP level 10. HP: 88/88 MP: 9/9
  8208 | Bailey   | Found a runed translucent gate.
  8209 | Bailey   | Found a runed translucent gate.
  8296 | Bailey   | Killed an orc warlord
  8297 | Bailey   | Reached skill level 5 in Evocations
  8326 | Bailey   | Identified the amulet "Ureus" {Spirit Rampage Str+5 Dex+2}
  8342 | Bailey   | Acquired a manual of Crossbows
  8366 | D:7      | Reached skill level 1 in Crossbows
  8414 | D:7      | Found a transporter.
  8467 | D:7      | Killed hgbash's ghost
  8632 | D:7      | Reached skill level 10 in Maces & Flails
  8879 | D:8      | Found a shadowy altar of Dithmenos.
  9089 | D:8      | Reached skill level 10 in Armour
  9091 | D:8      | Reached ***** piety under Trog
  9490 | D:9      | Reached XP level 11. HP: 97/97 MP: 10/10
  9544 | D:9      | Found a hazy altar of Hepliaklqana.
  9612 | D:9      | Noticed a two-headed ogre
  9616 | D:9      | Killed a two-headed ogre
  9937 | D:9      | Reached skill level 5 in Crossbows
 10768 | D:10     | Entered Level 10 of the Dungeon
 10812 | D:10     | Noticed a two-headed ogre
 10828 | D:10     | Killed a two-headed ogre
 11124 | D:10     | Received a gift from Trog
 11133 | D:10     | Found a staircase to the Orcish Mines.
 11260 | D:10     | Noticed Amaemon
 11267 | D:10     | Killed Amaemon
 11268 | D:10     | Reached skill level 10 in Fighting
 11573 | D:10     | Found an ornate altar of the Wu Jian Council.
 11971 | D:11     | Reached XP level 12. HP: 66/106 MP: 11/11
 12161 | D:11     | Found a staircase to the Lair.
 12307 | D:11     | Noticed Fannar
 12318 | D:11     | Killed Fannar
 12405 | D:11     | Noticed Urug
 12411 | D:11     | Slain by Urug

Illustrated notes

Levels and vault maps discovered:
D:1:      dpeg_arrival_water_temple_mockup, layout_basic,
          hellmonk_ecumenical_altar_dog_temple, minmay_distorted
D:2:      layout_rooms
D:3:      layout_basic, minmay_misc_feat_room, minmay_misc_feat_hallway
D:4:      layout_loops_ring, mainiacjoe_overflow_concentric_impassable,
          pdpol_temple_overflow_zin_treasury_gozag_greed,
          minmay_temple_entry_wispy, uniq_edmund
D:5:      layout_loops_ring, mainiacjoe_overflow_cross_hatched,
          nicolae_ossuary_entry_false_entrances, palyth_stone_intersect,
          item_on_display_a, uniq_ijyb, uniq_duvessa
D:6:      layout_layer_cave, lemuel_coloured_pillars_altar, portal_sewer_entry_b
D:7:      layout_cave_pools, enter_bailey_5, gammafunk_ghost_stat_death
D:8:      layout_gridville, kennysheep_mini
D:9:      layout_loops_corners, mainiacjoe_overflow_chevrons, patterned_corridor
D:10:     hellmonk_destroyed_diamonds, layout_loops_ring,
          nicolae_wu_jian_wuxing_cycle, david_orc_5, roderic_lattice_a,
          uniq_amaemon
D:11:     layout_basic, due_lair_maze_entry_diamond, minmay_misc_feat_square,
          kennysheep_small_circle, uniq_urug, uniq_fannar

Skill      XL: |  1  2  3  4  5  6  7  8  9 10 11 12 |
---------------+-------------------------------------+-----
Axes           | 4 5 |  5.9
Fighting       | 4 5 6 7 8 9 10 | 10.4
Armour         | 3 4 6 8 10 11 12 | 12.1
Dodging        | 3 4 5 6 |  6.1
Slings         | 1 2 |  2.0
Maces & Flails | 2 4 6 8 10 12 | 12.6
Evocations     | 1 2 3 4 5 6 |  6.8
Crossbows      | 4 7 |  7.7

Action                   |  1- 3 |  4- 6 |  7- 9 | 10-12 || total
-------------------------+-------+-------+-------+-------++-------
Melee: Hand axe          |    92 |    77 |       |       ||   169
       Headbutt          |    12 |    18 |    46 |    66 ||   142
       Dire flail        |       |    16 |   298 |   284 ||   598
       Great mace        |       |       |       |    89 ||    89
 Fire: Hunting sling     |       |     7 |    16 |       ||    23
Invok: Berserk           |     1 |     4 |     3 |     4 ||    12
       Trog's Hand       |       |     4 |     5 |     2 ||    11
       Brothers in Arms  |       |       |       |     2 ||     2
Evoke: Wand              |       |     5 |    19 |       ||    24
  Use: Scroll            |       |       |    17 |    14 ||    31
       Potion            |       |       |       |     4 ||     4
 Stab: Invisible         |       |       |       |     2 ||     2
Armor: Animal skin       |    16 |    10 |       |       ||    26
       Ring mail         |       |    12 |       |       ||    12
       Leather armour    |       |     1 |       |       ||     1
       Chain mail        |       |    14 |    69 |       ||    83
       Crystal plate arm |       |       |    50 |   343 ||   393
Dodge: Dodged            |    58 |    50 |   154 |   202 ||   464

Table legend: (Time is in decaauts)
 A = Elapsed time spent in this place.
 B = Non-inter-level travel time spent in this place.
 C = Inter-level travel time spent in this place.
 D = Time resting spent in this place.
 E = Time spent auto-exploring this place.
 F = Levels seen in this place.
 G = Mean time per level.
                   A        B        C        D        E       F      G
               +--------+--------+--------+--------+--------+-----+--------+
         Total |  12425 |  12034 |    391 |   1987 |   7199 |  14 |  887.5 |
       Dungeon |  11305 |  10914 |    391 |   1785 |   7098 |  11 | 1027.7 |
         Sewer |    327 |    327 |      0 |     48 |    100 |   1 |  327.0 |
       Ossuary |    551 |    551 |      0 |    154 |      0 |   1 |  551.0 |
        Bailey |    240 |    240 |      0 |      0 |      0 |   1 |  240.0 |
               +--------+--------+--------+--------+--------+-----+--------+

Top non-repeatable levels by time:
     D:6: 1499 daAuts
     D:1: 1475 daAuts
     D:3: 1330 daAuts
     D:9: 1269 daAuts
     D:4: 1111 daAuts
    D:10: 1048 daAuts
     D:5: 938 daAuts
     D:8: 761 daAuts
     D:7: 683 daAuts
    D:11: 594 daAuts
     D:2: 591 daAuts
 Ossuary: 551 daAuts
   Sewer: 327 daAuts
  Bailey: 240 daAuts
